 Dungeon Sprint DCSS version 0.19-a0-1789-ga32af4e (webtiles) character file.

36 taqueso the Grappler (level 5, -2/55 HPs)
             Began as a Troll Berserker on Oct 4, 2016.
             Was a Priest of Trog.
             Slain by Prince Ribbit (18 damage)
             ... in the Dungeon (Sprint VI: "Thunderdome").
             The game lasted 00:06:28 (351 turns).

taqueso the Grappler (Troll Berserker)               Turns: 351, Time: 00:06:29

Health: -2/55      AC:  5    Str: 34    XL:     5   Next: 52%
Magic:  4/4        EV: 12    Int: 13    God:    Trog [***...]
Gold:   145        SH:  0    Dex: 15    Spells: 0 memorised, 4 levels left

rFire  . . .     SeeInvis .       - Unarmed
rCold  + . .     Gourm    +     a - +0 animal skin
rNeg   . . .     Faith    .     (no shield)
rPois  +         Spirit   .     (helmet restricted)
rElec  +         Dismiss  .     (no cloak)
rCorr  +         Reflect  .     (gloves unavailable)
MR     +++..     Harm     .     (boots unavailable)
Stlth  ++........ NoTele   +    o - amulet "Cofat" {RegenMP *Drain rElec rPois Str+7}
                                n - ring of Zasyowk {rCorr rElec rC+ Int+7 Slay-3}
                                m - ring "Iriop" {MR+ Str+2 Int+3 Dex+5 Stlth+}

@: exhausted, regenerating, slowed, very slow
A: unfitting armour, claws 3, fast metabolism 3, gourmand, regeneration 1,
shaggy fur 1, tough skin 2
a: Berserk, Trog's Hand, Burn Spellbooks, Renounce Religion


You were in the Dungeon.
You worshipped Trog.
Trog was most pleased with you.
You were not hungry.

You visited 1 branch You collected 280 gold pieces.
You spent 135 gold pieces at shops.

Inventory:

Armour
 a - a +0 animal skin (worn)
Jewellery
 m - the ring "Iriop" (left claw) {MR+ Str+2 Int+3 Dex+5 Stlth+}
   (You bought it in a shop in the Dungeon)

   [ring of dexterity]

   It affects your strength (+2).
   It affects your intelligence (+3).
   It affects your dexterity (+5).
   It affects your resistance to hostile enchantments.
   It makes you more stealthy.
 n - the ring of Zasyowk (right claw) {rCorr rElec rC+ Int+7 Slay-3}
   (You bought it in a shop in the Dungeon)

   [ring of resist corrosion]

   It affects your intelligence (+7).
   It affects your accuracy and damage with ranged weapons and melee attacks
   (-3).
   It protects you from cold.
   It insulates you from electricity.
 o - the amulet "Cofat" (around neck) {RegenMP *Drain rElec rPois Str+7}
   (You bought it in a shop in the Dungeon)

   [amulet of magic regeneration]

   It increases your magic regeneration.
   It affects your strength (+7).
   It insulates you from electricity.
   It protects you from poison.
   It causes draining when unequipped.
Wands
 i - a wand of acid (5/15)
   (You found it in the Dungeon)
 j - a wand of iceblast (5/15)
   (You found it in the Dungeon)
Scrolls
 h - 4 scrolls of blinking {!r}
 k - 3 scrolls of fog
Potions
 c - a potion of curing
 d - 4 potions of heal wounds
 e - 4 potions of haste
 f - 2 potions of magic
 g - a potion of berserk rage {!q}
 l - a potion of resistance
Comestibles
 b - 2 bread rations {@e1}


   Skills:
 + Level 4.9 Fighting
 + Level 4.8 Dodging
 * Level 9.5 Unarmed Combat


You had 4 spell levels left.
You didn't know any spells.

Dungeon Overview and Level Annotations

Branches:
Dungeon (1/1)

Altars:
Cheibriados
Dithmenos
Fedhas
Gozag
Kikubaaqudgha
Makhleb
Okawaru
Qazlal
Ru
Sif Muna
Trog
Uskayaw
Vehumet
Xom
Yredelemnul
Zin
The Shining One
Beogh
Jiyva
Lugonu

Shops:
D *[%??*?*:[((!!!!

Annotations:
D Prince Ribbit


Innate Abilities, Weirdness & Mutations

You are too large for most types of armour.
You have claws for hands.
Your metabolism is lightning-fast.
You like to eat raw meat.
Your natural rate of healing is unusually fast.
You are covered in fur. (AC +1)
You have very tough skin. (AC +2)


Message History

No target in view!
No target in view!
Things that are here:
a hand axe; a scale mail Calm down first, please.
You feel a strong urge to attack something.
You are no longer berserk.
You are exhausted.
You feel yourself slow down.
You now have 49/49 hp.
Things that are here:
a hand axe; a scale mail
There is a spawn point here. 20...
There is a spawn point here.
There is a spawn point here. 15...
There is a spawn point here.
You start waiting. 10...
You feel yourself speed up.
You start waiting. 5...
You start waiting. 4...
You start waiting. 3...
You start waiting. 2...
You start waiting. 1...
You start waiting.
Time's up!
The arena falls silent.
Victory!
Score multiplier: 3x You now have 36 arena points (gained 24).
There is a spawn point here.
You feel less exhausted.
You now have 145 gold pieces (gained 60).
There is a spawn point here.
There is a spawn point here.
You start waiting.
Get ready!
ROUND 3!
FIGHT!
You sense a tension in the north.
There is a spawn point here.
You start waiting.
A bullfrog comes into view.
A red film seems to cover your vision as you go berserk!
You feel yourself moving faster!
You feel mighty!
You feel somewhat less full.
The bullfrog gives a loud, deep croak!
You now have 73/73 hp.
You feel a strong urge to attack something.
You mangle the bullfrog!! You claw the bullfrog.
You feel the power of Trog in you as your rage grows.
You kill the bullfrog!
Trog accepts your kill.
Your Unarmed Combat skill increases to level 9!
You have reached level 5!
Health restored: 82; MP restored: 4 Prince Ribbit comes into view.
You see here a bullfrog corpse.
You feel a strong urge to attack something.
Prince Ribbit croaks.
Prince Ribbit winks and puckers his lips.
You feel your anger subside.
You are no longer berserk.
You are exhausted.
You feel yourself slow down.
Prince Ribbit blinks!
You now have 55/55 hp.
Prince Ribbit hits you!
A bullfrog comes into view.
You take 17 damage, and have 38/55 hp.
MASSIVE DAMAGE!!
The bullfrog gives a loud, deep croak!
You scratch Prince Ribbit. Prince Ribbit closely misses you.
You barely miss Prince Ribbit. Prince Ribbit barely misses you.
Prince Ribbit hits you but does no damage.
You closely miss Prince Ribbit. Prince Ribbit hits you!! The bullfrog hits you.
You take 20 damage, and have 19/55 hp.
MASSIVE DAMAGE!!
Your skin crawls.
You feel resistant to hostile enchantments.
You feel quite a bit more hungry.
Prince Ribbit blinks!
The bullfrog hits you!
* * * LOW HITPOINT WARNING * * *
The bullfrog hits you but does no damage.
You take 6 damage, and have 13/55 hp.
You barely miss the bullfrog. Your claw misses the bullfrog.
The bullfrog misses you. The bullfrog hits you.
* * * LOW HITPOINT WARNING * * *
A bullfrog comes into view.
You take 1 damage, and have 12/55 hp.
The bullfrog gives a loud, deep croak!
You claw the bullfrog!
The bullfrog hits you but does no damage. x2
You regained 3 hp, and now have 15/55 hp.
You barely miss the bullfrog.
The bullfrog hits you but does no damage.
Prince Ribbit hits you!!
You die...

#⌠....†......⌠#
######.8.........8.##
##∩._.......###......_
###∩........8.# #.8.....
##.............###.......
#⌠..†.......###...###....
#⌠..........# #.<.# #....
#⌠.......F..###...###....
##......@F.....###.......
###∩.......[8.# #.8.....
##∩___......###......_
######.8.........8.##
#⌠.F.........⌠#
###.........###
#_......._# #_........#
#........_#


You could see Prince Ribbit and 2 bullfrogs.

Vanquished Creatures
  A bullfrog (D)
  2 scorpions (D)
  Terence (D)
  3 worms (D)
  A leopard gecko skeleton (D)
  A rat (D)
9 creatures vanquished.

Notes
Turn   | Place    | Note
-------+----------+-------------------------------------------
     0 | D        | taqueso the Troll Berserker began the quest for the Orb.
     0 | D        | Reached XP level 1. HP: 22/22 MP: 0/0
     3 | D        | Found a basalt altar of Yredelemnul.
     3 | D        | Found a sacrificial altar of Ru.
     4 | D        | Found a radiant altar of Vehumet.
     4 | D        | Found a snail-covered altar of Cheibriados.
     5 | D        | Found a shadowy altar of Dithmenos.
     5 | D        | Round 1.
     6 | D        | Found Zeqero's Identification Station.
     6 | D        | Found a burning altar of Makhleb.
     6 | D        | Found Inolibil's Bee Food.
     7 | D        | Found Detub's Advanced Armour.
     7 | D        | Found Geytikyugu's Jewellery.
    10 | D        | Found a blossoming altar of Fedhas.
    11 | D        | Found a shimmering altar of Xom.
    15 | D        | Found an iron altar of Okawaru.
    16 | D        | Found Otallor's Magic Scroll Shop.
    23 | D        | Reached skill level 4 in Unarmed Combat
    29 | D        | Reached ** piety under Trog
    29 | D        | Reached skill level 3 in Dodging
    29 | D        | Reached XP level 2. HP: 29/29 MP: 1/1
    45 | D        | Found Opekh's Magic Scroll Shop.
    45 | D        | Found Comoul's Must-Have Magic.
    46 | D        | Found a hide-covered altar of Uskayaw.
    46 | D        | Found a viscous altar of Jiyva.
    46 | D        | Found a corrupted altar of Lugonu.
    46 | D        | Found Redara's Staff Store.
    55 | D        | Found a glowing golden altar of the Shining One.
    58 | D        | Found a stormy altar of Qazlal.
    58 | D        | Found an opulent altar of Gozag.
    59 | D        | Found Only's Distillery.
    61 | D        | Found Gimmah's Distillery.
    61 | D        | Found Pixodghea's Bottled Wisdom.
    61 | D        | Found a deep blue altar of Sif Muna.
    61 | D        | Found a bloodstained altar of Trog.
    61 | D        | Found a roughly hewn altar of Beogh.
    61 | D        | Found Xifusas's Do-It-Yourself Clinic.
    69 | D        | Found a glowing silver altar of Zin.
    74 | D        | Found an ancient bone altar of Kikubaaqudgha.
    75 | D        | Found Niruatel's Weapon Rack.
    75 | D        | Found Aveng's Premium Goods.
    76 | D        | Found Yloedief's Basic Armour.
    76 | D        | Found Feasuywa's Miscellaneous Merchandise.
   142 | D        | Noticed a scorpion
   147 | D        | Killed a scorpion
   147 | D        | Reached skill level 3 in Fighting
   147 | D        | Reached skill level 6 in Unarmed Combat
   147 | D        | Reached XP level 3. HP: 25/39 MP: 2/2
   154 | D        | Noticed a scorpion
   160 | D        | Killed a scorpion
   160 | D        | Arena points: 12 (+12) [x2]
   160 | D        | Reached skill level 4 in Fighting
   160 | D        | Reached skill level 4 in Dodging
   160 | D        | Reached skill level 7 in Unarmed Combat
   160 | D        | Reached XP level 4. HP: 32/48 MP: 3/3
   213 | D        | Bought a shimmering lapis lazuli ring for 45 gold pieces
   213 | D        | Bought a twitching amber ring for 45 gold pieces
   213 | D        | Bought an ancient pewter amulet for 45 gold pieces
   213 | D        | Identified the amulet "Cofat" {RegenMP *Drain rElec rPois Str+7} (You bought it in a shop in the Dungeon)
   214 | D        | Identified the ring "Iriop" {MR+ Str+2 Int+3 Dex+5 Stlth+} (You bought it in a shop in the Dungeon)
   215 | D        | Identified the ring of Zasyowk {rCorr rElec rC+ Int+7 Slay-3} (You bought it in a shop in the Dungeon)
   220 | D        | Round 2.
   230 | D        | Noticed Terence
   235 | D        | Reached *** piety under Trog
   238 | D        | Killed Terence
   238 | D        | Reached skill level 8 in Unarmed Combat
   276 | D        | Arena points: 36 (+24) [x3]
   291 | D        | Round 3.
   336 | D        | Noticed a bullfrog
   339 | D        | Killed a bullfrog
   339 | D        | Reached skill level 9 in Unarmed Combat
   339 | D        | Reached XP level 5. HP: 55/55 MP: 4/4
   341 | D        | Noticed Prince Ribbit
   348 | D        | HP: 13/55 [bullfrog (8)]
   351 | D        | Slain by Prince Ribbit

Vault maps used:
D:        arena_sprint

Skill      XL: |  1  2  3  4 |
---------------+-------------+-----
Unarmed Combat | 4 6 7 9 |  9.5
Dodging        | 3 4 |  4.8
Fighting       | 3 4 |  4.9

Action                   |  1- 3 |  4- 6 || total
-------------------------+-------+-------++-------
Melee: Unarmed           |    18 |    12 ||    30
       Punch             |     1 |     2 ||     3
Invok: Berserk           |       |     2 ||     2
       Trog's Hand       |       |     1 ||     1
  Eat: Chunk             |     6 |       ||     6
Armor: Animal skin       |     1 |     5 ||     6
Dodge: Dodged            |     3 |     3 ||     6

Vault maps used:
D:        arena_sprint

Table legend:
 A = Turns spent in this place as a percentage of turns spent in the entire game.
 B = Non-inter-level travel turns spent in this place as a percentage of non-inter-level travel turns spent in the entire game.
 C = Inter-level travel turns spent in this place as a percentage of turns spent in this place.
 D = Turns resting spent in this place as a percentage of non-inter-level travel turns spent in this place.
 E = Turns spent auto-exploring this place as a percentage of non-inter-level travel turns spent in this place.
 F = Non-inter-level travel turns spent in this place divided by the number of levels of this place that you've seen.
                   A       B       C       D       E      F
               +-------+-------+-------+-------+-------+----------------------
         Total | 100.0 | 100.0 |   0.4 |   6.9 |   8.2 | 233.0
       Dungeon | 100.0 | 100.0 |   0.4 |   6.9 |   8.2 | 233.0
               +-------+-------+-------+-------+-------+----------------------

Table legend:
 A = Kills in this place as a percentage of kills in entire the game.
 B = Kills by you in this place as a percentage of kills by you in the entire game.
 C = Kills by friends in this place as a percentage of kills by friends in the entire game.
 D = Other kills in this place as a percentage of other kills in the entire game.
 E = Experience gained in this place as a percentage of experience gained in the entire game.
 F = Experience gained in this place divided by the number of levels of this place that you have seen.
                   A       B       C       D       E      F
               +-------+-------+-------+-------+-------+----------------------
         Total | 100.0 | 100.0 |  -nan |  -nan | 100.0 | 292.0
       Dungeon | 100.0 | 100.0 |  -nan |  -nan | 100.0 | 292.0
               +-------+-------+-------+-------+-------+----------------------
